 Dungeon Crawl Stone Soup version 0.29-a0-819-g94b489e0ae (webtiles) character file.

Game seed: 18424971175900775824

2111 shoop the Ducker (level 9, -10/79 HPs)
             Began as a Meteoran Hedge Wizard on June 20, 2022.
             Was an Initiate of Sif Muna.
             Killed from afar by Erica (19 damage)
             ... with a lance of force
             ... on level 8 of the Dungeon on July 7, 2022.
             The game lasted 00:25:37 (2309 turns).

shoop the Ducker (Meteoran Hedge Wizard)            Turns: 2309, Time: 00:25:38

Health: -10/79     AC:  6    Str: 13    XL:     9   Next: 83%
Magic:  17/25      EV: 15    Int: 19    God:    Sif Muna [......]
Gold:   276        SH:  0    Dex: 14    Spells: 7/16 levels left

rFire   . . .      SeeInvis .   E - +10 trident of Fate {venom, rElec rCorr}
rCold   . . .      Faith    .   (no shield)
rNeg    . . .      Spirit   .   b - +0 robe
rPois   .          Reflect  .   c - +0 hat
rElec   +          Harm     .   J - +0 cloak
rCorr   +          Rampage  .   A - +2 pair of gloves
Will    ++...                   (no boots)
Stlth   +.........              o - amulet of the acrobat
HPRegen 0.23/turn               j - ring of magical power
MPRegen 0.19/turn               (no ring)

@: lethally poisoned (-10 -> -12), glowing
A: sense surroundings 2, otherworldly, glowing, explore regen, talons 1,
strong-willed 1, wild magic 1
a: Renounce Religion


You were on level 8 of the Dungeon.
You worshipped Sif Muna.
Sif Muna was noncommittal.
You visited 2 branches of the dungeon, and saw 10 of its levels.

You collected 276 gold pieces.

Inventory:

Hand Weapons
 a - a +0 dagger
 f - a +0 short sword
 r - a +2 short sword of venom
 y - a +0 quarterstaff
 E - the +10 trident of Fate (weapon) {venom, rElec rCorr}
   (You found it on level 6 of the Dungeon)

   It poisons the flesh of those it strikes.
   rElec:     It insulates you from electricity.
   rCorr:     It protects you from acid and corrosion.
Armour
 b - a +0 robe (worn)
 c - a +0 hat (worn)
 s - a +3 chain mail of willpower
 A - a +2 pair of gloves (worn)
 J - a +0 cloak (worn)
Jewellery
 j - a ring of magical power (left hand)
 o - an amulet of the acrobat (around neck)
 B - a ring of fire
Wands
 m - a wand of acid (9)
 D - a wand of iceblast (13)
 G - a wand of digging (1)
 I - a wand of flame (11)
Scrolls
 e - a scroll of poison {unknown}
 k - a scroll of immolation {unknown}
 l - a scroll of blinking {unknown}
 q - 2 scrolls of identify
 t - 2 scrolls of teleportation {unknown}
 u - 2 scrolls of fog {unknown}
 v - a scroll of brand weapon {unknown}
 w - a scroll of silence {unknown}
 z - a scroll of noise
 C - a scroll of enchant armour {unknown}
 F - 2 scrolls of fear {unknown}
 H - a scroll of summoning {unknown}
Potions
 d - 5 potions of magic
 g - a potion of haste {unknown}
 h - a potion of cancellation {unknown}
 i - 2 potions of attraction {unknown}
 n - a potion of lignification {unknown}
 p - 3 potions of flight {unknown}
 x - 5 potions of heal wounds {unknown}


   Skills:
 + Level 7.1 Fighting
 - Level 2.0 Short Blades
 - Level 4.0 Polearms
 - Level 2.0 Armour
 + Level 7.1 Dodging
 - Level 1.4 Stealth
 - Level 4.0 Spellcasting
 - Level 3.0 Conjurations
 - Level 1.2 Summonings
 - Level 2.0 Translocations
 - Level 3.0 Transmutations
 - Level 3.0 Fire Magic
 - Level 3.0 Air Magic
 - Level 3.0 Poison Magic
 - Level 3.0 Evocations


You had 7 spell levels left.
You knew the following spells:

 Your Spells              Type           Power      Damage    Failure   Level
a - Magic Dart            Conj           76%        1d6       7%          1
b - Blink                 Tloc           28%        N/A       13%         2
c - Mephitic Cloud        Conj/Pois/Air  19%        N/A       17%         3
d - Ignite Poison         Fire/Tmut/Pois 19%        N/A       17%         3

Your spell library contained the following spells:

 Spells                   Type           Power      Damage    Failure   Level
 Searing Ray              Conj           38%        2d5       10%         2
 Conjure Flame            Conj/Fire      19%        6-21      17%         3
 Call Imp                 Summ           11%        N/A       19%         2
 Slow                     Hex            16%        N/A       21%         1
 Fulminant Prism          Conj/Hex       6%         3d7       67%         4
 Freezing Cloud           Conj/Ice/Air   7%         6-21      90%         5


Dungeon Overview and Level Annotations

Branches:
Dungeon (9/15) Zot: 3162   Temple (1/1) D:7 Zot: 518
   Lair: D:8-11         Orc: D:9-12

Altars:
Ashenzari
Cheibriados
Dithmenos
Elyvilon
Fedhas
Gozag
Hepliaklqana
Kikubaaqudgha
Makhleb
Nemelex Xobeh
Okawaru
Qazlal
Ru
Sif Muna
Trog
Uskayaw
Vehumet
Wu Jian
Xom
Zin

Shops:
D:4 (   D:8 =

Annotations:
D:5 exclusion: water moccasin
D:7 Duvessa
D:8 Erica


Innate Abilities, Weirdness & Mutations

You passively map the area around you.
You are easily found by Zot.
You glow in the dark.
You regain HP and MP as you explore.
You have sharp toenails.
You are strong-willed. (Will+)
Your spells are a little harder to cast, but a little more powerful.


Message History

Erica is heavily wounded.
You feel sick.
A gnoll comes into view. It is wielding a +0 halberd.
Erica hits you with a +0 scimitar of flaming!
* * * LOW HITPOINT WARNING * * *
Erica burns you.
* * * LOW HITPOINT WARNING * * *
Erica hits you with a +0 scimitar of flaming.
* * * LOW HITPOINT WARNING * * *
Erica burns you.
* * * LOW HITPOINT WARNING * * *
Unknown command.
Aiming: Iceblast
Press: ? - help, Shift-Dir - straight line, p - Erica That beam is likely to hit you.
Continue anyway? [Y]es or [N]o only, please.
That beam is likely to hit you.
Continue anyway?
Okay, then.
Unknown command.
Okay, then.
Aiming: Iceblast
Press: ? - help, Shift-Dir - straight line The mass of ice explodes!
The iceblast engulfs Erica!
Erica partially resists.
Erica is heavily wounded.
You feel sick.
You hear a bellow!
Erica hits you with a +0 scimitar of flaming.
* * * LOW HITPOINT WARNING * * *
Erica burns you.
* * * LOW HITPOINT WARNING * * *
Unknown command.
Okay, then.
As you read the scroll labelled ZUAKHLA XE UTEMP, it crumbles to dust.
It is a scroll of identify.
z - a scroll of noise You feel sick.
A quokka comes into view.
Erica gestures at you while chanting. The lance of force hits you!!
You die...

* , ,, , , ,, , ....
* * * , , , ..#*# * *
* ** * . ,.. ,* ,, ,
,,,* * ,..,, , * ** *
, ,.. ,, , * * ####.#
, , , #... ##.. .. *
* *...#####.#
...,..., ,
.......@.###..##.#* ,
, , ........@........
, * ,
,,,..........†.....#,
*
...#####....°.#.#.#,
, , * .. ##.#†)...#.#
* , . #.#<##..#.# ##
*, #.#.##..#.# ##. *
, , #.........# ##..
, , ####......###...


You could see Erica.

Vanquished Creatures
  Maurice (D:9)
  Maggie (D:7)
  Menkaure (D:7)
  A water moccasin (D:6)
  An orc warrior (D:7)
  A black bear (D:6)
  A sky beast (D:6)
  A phantom (D:6)
  A kobold brigand (D:6)
  2 bullfrogs (D:7)
  A necrophage (D:5)
  2 scorpions
  3 wights (D:8)
  Dowan (D:7)
  An orc priest (D:7)
  4 hounds
  Terence (D:3)
  An iguana (D:5)
  A hell rat (D:8)
  3 gnolls (D:8)
  4 adders
  2 white imps
  A worm (D:2)
  4 dart slugs
  An orc (D:7)
  3 ball pythons (D:1)
  5 endoplasms
  A giant cockroach (D:4)
  4 goblins
  2 hobgoblins (D:1)
  3 bats
  2 frilled lizards
  11 kobolds
  5 rats
77 creatures vanquished.

Notes
Turn   | Place    | Note
-------+----------+-------------------------------------------
     0 | D:1      | shoop the Meteoran Hedge Wizard began the quest for the
                  | Orb.
     0 | D:1      | Reached XP level 1. HP: 14/14 MP: 6/6
    89 | D:1      | Reached XP level 2. HP: 19/20 MP: 5/8
   117 | D:1      | Learned a level 2 spell: Blink
   169 | D:1      | Reached XP level 3. HP: 26/26 MP: 0/9
   386 | D:2      | Learned a level 3 spell: Mephitic Cloud
   436 | D:2      | Reached XP level 4. HP: 32/33 MP: 11/11
   473 | D:3      | Reached skill level 1 in Air Magic
   563 | D:3      | Noticed Terence
   647 | D:3      | Killed Terence
   648 | D:3      | Reached skill level 1 in Poison Magic
   850 | D:4      | Found Aciotroacw's Antique Weapon Boutique.
   859 | D:4      | Reached skill level 1 in Short Blades
   859 | D:4      | Reached XP level 5. HP: 24/38 MP: 12/12
   995 | D:5      | Entered Level 5 of the Dungeon
  1023 | D:5      | Reached skill level 1 in Fighting
  1086 | D:5      | Noticed a necrophage
  1094 | D:5      | Gained mutation: You are strong-willed. (Will+) [potion of
                  | mutation]
  1094 | D:5      | Gained mutation: You have sharp toenails. [potion of
                  | mutation]
  1094 | D:5      | Gained mutation: Your spells are a little harder to cast,
                  | but a little more powerful. [potion of mutation]
  1102 | D:5      | Killed a necrophage
  1103 | D:5      | Reached XP level 6. HP: 36/48 MP: 13/13
  1216 | D:5      | Reached XP level 7. HP: 8/55 MP: 10/14
  1254 | D:5      | Noticed a water moccasin
  1395 | D:6      | Reached skill level 1 in Armour
  1450 | D:6      | Learned a level 3 spell: Ignite Poison
  1493 | D:6      | Reached skill level 1 in Transmutations
  1493 | D:6      | Reached skill level 1 in Fire Magic
  1601 | D:6      | Found a burning altar of Makhleb.
  1603 | D:6      | Found a hazy altar of Hepliaklqana.
  1605 | D:6      | Found a stormy altar of Qazlal.
  1619 | D:6      | Identified the +10 trident of Fate {venom, rElec rCorr}
  1657 | D:6      | Reached XP level 8. HP: 61/66 MP: 15/15
  1695 | D:7      | Noticed Dowan
  1714 | D:6      | Reached skill level 1 in Polearms
  1850 | D:7      | Killed Dowan
  1850 | D:7      | Noticed Duvessa
  1911 | D:7      | Noticed Maggie
  1912 | D:7      | Noticed Menkaure
  1913 | D:7      | Upgraded the game from 0.29-a0-643-ga013cefcf8 to
                  | 0.29-a0-819-g94b489e0ae
  1938 | D:7      | Killed Maggie
  1939 | D:7      | Reached skill level 5 in Fighting
  1939 | D:7      | Reached skill level 5 in Dodging
  1939 | D:7      | Gained mutation: You passively map the area around you.
                  | [Meteoran growth]
  1939 | D:7      | Reached XP level 9. HP: 74/74 MP: 16/16
  1949 | D:7      | You fall into a shaft and drop 2 floors!
  1987 | D:9      | Noticed Maurice
  2000 | D:9      | Killed Maurice
  2058 | D:8      | Found Jitimo's Jewellery Emporium.
  2089 | D:8      | Noticed Erica
  2106 | D:7      | Found a staircase to the Ecumenical Temple.
  2115 | Temple   | Entered the Ecumenical Temple
  2190 | Temple   | Became a worshipper of Sif Muna the Loreminder
  2240 | D:7      | Found a hide-covered altar of Uskayaw.
  2255 | D:7      | Killed Menkaure
  2309 | D:8      | Killed from afar by Erica

Illustrated notes

Levels and vault maps discovered:
D:1:      shiori_arrival_oz, layout_loops_ring, hangedman_glass_teeth
D:2:      layout_loops_ring, serial_glass, glass_columns_c, glass_columns_b,
          glass_columns_c, glass_columns_a, glass_columns_a, glass_columns_a,
          grunt_decor_junction, cheibrodos_gnoll_hut
D:3:      layout_loops_ring, uniq_terence
D:4:      layout_basic, serial_shops,
          nicolae_shop_temple_entry_statues_fountains
D:5:      layout_gridville
D:6:      layout_gridville, grunt_temple_overflow_open
D:7:      minmay_octagon_keep, layout_cave_pools, nicolae_uskayaw_dance_hall,
          minmay_temple_entry_butterflies, uniq_maggie, uniq_duvessa,
          uniq_menkaure
D:8:      layout_loops_cross, dpeg_lair_monsters, serial_shops,
          nicolae_shop_competitors_out_of_business, uniq_erica
D:9:      layout_loops_ring, hex_tiny, kennysheep_generic_room_3, uniq_maurice
Temple:   eino_temple_rhombus

Skill      XL: |  1  2  3  4  5  6  7  8  9 |
---------------+----------------------------+-----
Dodging        | 3 5 7 |  7.1
Conjurations   | 2 3 |  3.0
Translocations | 2 |  2.0
Air Magic      | 2 3 |  3.0
Poison Magic   | 2 3 |  3.0
Short Blades   | 1 2 |  2.0
Fighting       | 2 3 5 7 |  7.1
Evocations     | 2 3 |  3.0
Armour         | 2 |  2.0
Transmutations | 1 3 |  3.0
Fire Magic     | 1 3 |  3.0
Polearms       | 4 |  4.0
Stealth        | |  1.4
Spellcasting   | |  4.0
Summonings     | |  1.2

Action                   |  1- 3 |  4- 6 |  7- 9 || total
-------------------------+-------+-------+-------++-------
Melee: Dagger            |     2 |       |       ||     2
       Short sword       |     7 |    26 |    19 ||    52
       Kick              |       |     1 |    22 ||    23
       Trident           |       |       |    66 ||    66
       Punch             |       |       |     3 ||     3
 Cast: Magic Dart        |    58 |    49 |    35 ||   142
       Mephitic Cloud    |       |     8 |    18 ||    26
       Blink             |       |     2 |     2 ||     4
       Ignite Poison     |       |       |     5 ||     5
Evoke: Wand              |       |       |     3 ||     3
  Use: Potion            |       |     4 |       ||     4
       Scroll            |       |       |     1 ||     1
 Stab: Confused          |       |     1 |     2 ||     3
Armor: Robe              |     4 |     2 |    13 ||    19
Dodge: Dodged            |    11 |    20 |    41 ||    72

Table legend: (Time is in decaauts)
 A = Elapsed time spent in this place.
 B = Non-inter-level travel time spent in this place.
 C = Inter-level travel time spent in this place.
 D = Time resting spent in this place.
 E = Time spent auto-exploring this place.
 F = Levels seen in this place.
 G = Mean time per level.
                   A        B        C        D        E       F      G
               +--------+--------+--------+--------+--------+-----+--------+
         Total |   2318 |   2191 |    127 |      0 |    108 |  10 |  231.8 |
       Dungeon |   2236 |   2115 |    121 |      0 |    108 |   9 |  248.4 |
        Temple |     81 |     75 |      6 |      0 |      0 |   1 |   81.0 |
               +--------+--------+--------+--------+--------+-----+--------+

Top non-repeatable levels by time:
     D:6: 492 daAuts
     D:3: 382 daAuts
     D:1: 303 daAuts
     D:5: 298 daAuts
     D:7: 279 daAuts
     D:4: 171 daAuts
     D:2: 152 daAuts
     D:8: 90 daAuts
  Temple: 81 daAuts
     D:9: 65 daAuts
